 Dungeon Crawl Stone Soup version 0.24.0-2-g5b39cebb1c (webtiles) character file.

Game seed: 179915267231171833, levelgen mode: deterministic

11892 MTVSty1e the Severer (level 11, -5/93 HPs)
             Began as a Minotaur Monk on Oct 29, 2019.
             Was a High Priest of Makhleb.
             Slain by a skeletal warrior
             ... wielding a +0 glaive
              (17 damage)
             ... on level 12 of the Dungeon.
             The game lasted 00:20:10 (13376 turns).

MTVSty1e the Severer (Minotaur Monk)               Turns: 13376, Time: 00:20:11

Health: -5/93      AC: 20    Str: 18    XL:     11   Next: 55%
Magic:  13/13      EV:  9    Int:  7    God:    Makhleb [*****.]
Gold:   683        SH:  0    Dex: 14    Spells: 10/10 levels left

rFire    + . .     SeeInvis .   F - +0 battleaxe
rCold    . . .     Gourm    .   (shield currently unavailable)
rNeg     . . .     Faith    .   b - +1 chain mail {rF+}
rPois    .         Spirit   .   (helmet restricted)
rElec    .         Reflect  .   D - scarf {repulsion}
rCorr    .         Harm     .   I - +0 pair of gloves
MR       +....                  p - +2 pair of boots
Stlth    ..........             K - amulet of the acrobat (curse)
HPRegen  0.25/turn              G - ring of protection from magic
MPRegen  0.13/turn              H - +3 ring of protection

@: silence, repel missiles
A: retaliatory headbutt, horns 2
a: Renounce Religion


You were on level 12 of the Dungeon.
You worshipped Makhleb.
Makhleb was extremely pleased with you.
You were not hungry.

You visited 1 branch of the dungeon, and saw 12 of its levels.

You collected 773 gold pieces.
You spent 90 gold pieces at shops.

Inventory:

Hand Weapons
 a - a +0 hand axe
 w - a +0 war axe
 y - the +10 whip "Rexi" {elec, rN+ Dex+2}
   (You took it off an orc on level 9 of the Dungeon)

   Occasionally, upon striking a foe, it will discharge some electrical energy
   and cause terrible harm.
   It affects your dexterity (+2).
   It protects you from negative energy.
 F - a +0 battleaxe (weapon)
Armour
 b - a +1 chain mail of fire resistance (worn)
 d - a +0 plate armour
 g - a +0 scale mail
 p - a +2 pair of boots (worn)
 D - a scarf of repulsion (worn)
 I - a +0 pair of gloves (worn)
Jewellery
 G - a ring of protection from magic (left hand)
 H - a +3 ring of protection (right hand)
 K - a cursed amulet of the acrobat (around neck)
 L - an uncursed ring of protection from fire {unknown}
Wands
 n - a wand of iceblast (16)
 v - a wand of flame (11)
Scrolls
 e - 3 scrolls of identify
 f - 5 scrolls of enchant armour
 h - 9 scrolls of remove curse
 i - 3 scrolls of immolation
 q - a scroll of fog
 r - a scroll of blinking
 u - 5 scrolls of teleportation
 x - a scroll of random uselessness
 B - 3 scrolls of fear
 C - 2 scrolls of magic mapping
Potions
 j - a potion of flight
 k - 2 potions of mutation
 l - 2 potions of heal wounds
 m - 2 potions of ambrosia
 s - 2 potions of brilliance
 t - 2 potions of magic
 z - 2 potions of curing
 A - 2 potions of lignification
 E - 2 potions of agility
Comestibles
 c - 10 rations


   Skills:
 + Level 7.7 Fighting
 * Level 16.8 Axes
 * Level 9.3 Armour
 - Level 3.3 Dodging
 - Level 1.5 Stealth
 + Level 5.2 Invocations


You had 10 spell levels left.
You didn't know any spells.
Your spell library contained the following spells:

 Spells                   Type           Power        Failure   Level  Hunger
 Corona                   Hex            #......      99%         1    ##.....
 Magic Dart               Conj           #...         99%         1    ##.....
 Summon Small Mammal      Summ           #...         99%         1    ##.....
 Call Imp                 Summ           #.......     99%         2    ###....
 Ensorcelled Hibernation  Hex/Ice        #.....       99%         2    ###....
 Searing Ray              Conj           #.....       99%         2    ###....
 Call Canine Familiar     Summ           #.......     100%        3    ####...
 Confuse                  Hex            #.......     100%        3    ####...
 Dazzling Spray           Conj/Hex       #.....       100%        3    ####...
 Summon Guardian Golem    Hex/Summ       #.......     100%        3    ####...
 Tukima's Dance           Hex            #.......     100%        3    ####...
 Force Lance              Conj/Tloc      #.......     100%        4    #####..
 Fulminant Prism          Conj/Hex       #.........   100%        4    #####..
 Iskenderun's Mystic Bla  Conj           #.......     100%        4    #####..
 Summon Ice Beast         Ice/Summ       #.......     100%        4    #####..
 Summon Lightning Spire   Summ/Air       #.......     100%        4    #####..


Dungeon Overview and Level Annotations

Branches:
Dungeon (12/15)            Temple (0/1) D:7            Lair (0/6) D:11
    Orc (0/2) D:9

Altars:
Ashenzari
Dithmenos
Makhleb
Okawaru
Ru
Sif Muna
Trog
Wu Jian
Xom
Yredelemnul
The Shining One
Beogh

Shops:
D:4 ?   D:5 ?   D:10 [

Annotations:
D:5 3 runed translucent doors, TrebMcFLY's ghost, amateur MiFi
D:7 1 runed translucent door, CPrA's ghost, novice DDFi


Innate Abilities, Weirdness & Mutations

You reflexively headbutt those who attack you in melee.
You have a pair of horns on your head.


Message History

You barely miss the skeletal warrior.
The skeletal warrior is lightly damaged.
Your chain mail prevents you from hitting the skeletal warrior.
Your headbutt misses the skeletal warrior.
The skeletal warrior is lightly damaged.
The skeletal warrior hits you with a +0 glaive!
* * * LOW HITPOINT WARNING * * *
You slash the skeletal warrior!
The skeletal warrior is moderately damaged.
The skeletal warrior barely misses you.
As you read the scroll labeled SUEBIA BOOXTACU, it crumbles to dust.
It is a scroll of enchant weapon.
Really abort (and waste the scroll)? [Y]es or [N]o only, please.
Really abort (and waste the scroll)?
Okay, then.
As you read the scroll labeled WAETUKHLUINY, it crumbles to dust.
A profound silence engulfs you.
It was a scroll of silence.
The skeletal warrior hits you with a +0 glaive!
You die...

#.#.#......##.....#.#.#.#
#........................
#.#.#..........####.###.#
#..............###..##..#
##.......>.....##........
#.>....#########........
#....Y.#.......#........
#..zY###...### #........
#..YHzz@._.#†# #........
#...####...### #........
#...# #.......#........
#..z# #########........
#..Y...z... .........
###........ ... #...Yz./.
.. #..Y..... .....Y..^


You could see 3 skeletal warriors, a hippogriff and 2 yaks.

Vanquished Creatures
  A centaur warrior (D:10)
  A two-headed ogre (D:11)
  Sonja (D:12)
  A centaur skeleton (D:11)
  Psyche (D:8)
  A queen bee (D:9)
  2 yaks (D:12)
  A vampire (D:11)
  Eustachio (D:5)
  A hungry ghost (D:10)
  4 vampire mosquitoes (D:10)
  An acid dragon (D:12)
  12 orc warriors
  3 sky beasts
  6 ice beasts
  A black bear (D:6)
  4 ogres
  4 phantoms
  A hornet zombie (D:8)
  A necrophage (D:10)
  9 centaurs
  A big kobold (D:8)
  4 bullfrogs
  A wyvern zombie (D:10)
  A wyvern skeleton (D:9)
  A water moccasin skeleton (D:6)
  3 scorpions
  15 killer bees (D:9)
  4 wights (D:8)
  4 howler monkeys
  4 crimson imps (D:4)
  3 centaur zombies
  A bullfrog zombie (D:10)
  4 jellies
  12 orc priests
  2 bullfrog skeletons
  4 hounds
  20 orc wizards
  3 iron imps (D:7)
  Jessica (D:2)
  7 iguanas
  Natasha (twice) (D:2)
  8 worker ants
  2 human simulacra (D:10)
  2 hound skeletons
  A howler monkey zombie (D:5)
  14 adders
  An ooze (D:3)
  3 worms
  2 dart slugs
  5 leopard geckos
  73 orcs
  A ball python (D:3)
  5 bats
  2 giant cockroaches
  10 goblins
  7 hobgoblins
  5 jackals
  6 kobolds
  5 quokkas
  6 frilled lizards
  6 rats
  A spectral orc (D:9)
319 creatures vanquished.

Vanquished Creatures (others)
  A wizard (D:12)
1 creature vanquished.

Grand Total: 320 creatures vanquished

Notes
Turn   | Place    | Note
-------+----------+-------------------------------------------
     0 | D:1      | MTVSty1e the Minotaur Monk began the quest for the Orb.
     0 | D:1      | Reached XP level 1. HP: 19/19 MP: 0/0
   456 | D:1      | Reached XP level 2. HP: 26/27 MP: 1/1
   875 | D:1      | Reached skill level 4 in Axes
  1269 | D:2      | Reached XP level 3. HP: 30/33 MP: 2/2
  1452 | D:2      | Noticed Jessica
  1461 | D:2      | Killed Jessica
  1461 | D:2      | Reached skill level 5 in Axes
  1547 | D:2      | Noticed Natasha
  1557 | D:2      | Killed Natasha
  1557 | D:2      | Reached XP level 4. HP: 27/40 MP: 3/3
  1626 | D:2      | Noticed Natasha
  1635 | D:2      | Killed Natasha
  1635 | D:2      | Reached skill level 6 in Axes
  2126 | D:3      | Found a shimmering blue altar of Sif Muna.
  2188 | D:2      | Reached XP level 5. HP: 42/46 MP: 4/4
  2212 | D:3      | Reached skill level 7 in Axes
  2486 | D:3      | Found a shattered altar of Ashenzari.
  2501 | D:3      | Found a shadowy altar of Dithmenos.
  2525 | D:3      | Reached XP level 6. HP: 49/52 MP: 5/5
  2721 | D:3      | Reached skill level 8 in Axes
  3310 | D:4      | Found Qixzoqirch's Magic Scroll Boutique.
  3393 | D:4      | Found a shimmering altar of Xom.
  3409 | D:4      | Reached skill level 9 in Axes
  3455 | D:4      | Reached XP level 7. HP: 57/59 MP: 6/6
  3673 | D:4      | Found a glowing golden altar of the Shining One.
  4134 | D:5      | Entered Level 5 of the Dungeon
  4168 | D:5      | Reached skill level 10 in Axes
  4481 | D:5      | Found Tame's Magic Scroll Shop.
  4490 | D:5      | Bought a scroll of blinking for 90 gold pieces
  4785 | D:5      | Found a runed translucent gate.
  4786 | D:5      | Found a runed translucent gate.
  4787 | D:5      | Found a runed translucent gate.
  4788 | D:5      | Noticed TrebMcFLY's ghost (amateur MiFi)
  4842 | D:5      | Noticed Eustachio
  4857 | D:5      | Killed Eustachio
  4857 | D:5      | Reached skill level 11 in Axes
  4931 | D:6      | Reached XP level 8. HP: 66/66 MP: 7/7
  5297 | D:5      | HP: 3/66 [orc warrior/+0 hand axe (17)]
  5298 | D:5      | Reached skill level 12 in Axes
  6266 | D:6      | Reached skill level 13 in Axes
  6654 | D:7      | Found a runed translucent door.
  6654 | D:7      | Noticed CPrA's ghost (novice DDFi)
  6925 | D:7      | Reached XP level 9. HP: 70/71 MP: 8/8
  7296 | D:7      | Reached skill level 14 in Axes
  7481 | D:7      | Found an iron altar of Okawaru.
  7523 | D:7      | Found a burning altar of Makhleb.
  7548 | D:7      | Became a worshipper of Makhleb the Destroyer
  7548 | D:7      | Reached * piety under Makhleb
  7548 | D:7      | Reached ** piety under Makhleb
  7594 | D:7      | Found a staircase to the Ecumenical Temple.
  8069 | D:8      | Found a sacrificial altar of Ru.
  8096 | D:8      | Reached skill level 1 in Armour
  8233 | D:8      | Noticed Psyche
  8245 | D:8      | Killed Psyche
  8245 | D:8      | Reached skill level 15 in Axes
  8245 | D:8      | Reached skill level 1 in Invocations
  8938 | D:8      | Identified the cursed +0 morningstar of Skirmishing {holy,
                  | Int+2} (You found it on level 8 of the Dungeon)
  9008 | D:8      | Reached skill level 5 in Fighting
  9393 | D:9      | Reached XP level 10. HP: 41/81 MP: 10/10
  9655 | D:9      | Reached *** piety under Makhleb
  9656 | D:9      | Found a staircase to the Orcish Mines.
  9672 | D:9      | Found a roughly hewn altar of Beogh.
  9758 | D:9      | Identified the +10 whip "Rexi" {elec, rN+ Dex+2}
  9779 | D:9      | Reached skill level 5 in Armour
 10234 | D:9      | Reached **** piety under Makhleb
 10363 | D:9      | Found a basalt altar of Yredelemnul.
 10436 | D:9      | Found an ornate altar of the Wu Jian Council.
 10525 | D:10     | Entered Level 10 of the Dungeon
 10869 | D:10     | Reached skill level 16 in Axes
 11320 | D:10     | Noticed a centaur warrior
 11331 | D:10     | Killed a centaur warrior
 11331 | D:10     | Reached XP level 11. HP: 81/91 MP: 13/13
 11433 | D:10     | Found Talunn's Armour Shoppe.
 11594 | D:11     | Noticed a two-headed ogre
 11604 | D:11     | Killed a two-headed ogre
 11783 | D:11     | Found a staircase to the Lair.
 11823 | D:11     | Reached ***** piety under Makhleb
 11838 | D:11     | Found a roughly hewn altar of Beogh.
 12682 | D:12     | Noticed Sonja
 12876 | D:12     | Reached skill level 5 in Invocations
 12951 | D:12     | Killed Sonja
 13340 | D:12     | Found a bloodstained altar of Trog.
 13343 | D:12     | Noticed a skeletal warrior
 13344 | D:12     | Noticed a skeletal warrior
 13344 | D:12     | Noticed a skeletal warrior
 13344 | D:12     | Noticed a skeletal warrior
 13348 | D:12     | Noticed a wizard
 13352 | D:12     | Killed a wizard
 13376 | D:12     | Slain by a skeletal warrior

Levels and vault maps discovered:
D:1:      lightli_arrival_statue_moat, layout_basic, supply_closet_lemuel
D:2:      layout_loops_corners, grunt_ministairs_1, minmay_octomino_e4,
          uniq_natasha, uniq_jessica
D:3:      layout_basic, ashenzari_altar_1, old_standard_altar,
          grunt_dithmenos_smoke_and_mirrors, first_ration
D:4:      layout_loops_ring, tso_altar, led_xom_imps, serial_shops, shop_scrolls
D:5:      layout_cave_pods, ebering_ghost_rock_garden, serial_shops, shop,
          uniq_eustachio
D:6:      layout_loops_corners, grunt_decor_mini_mirrors
D:7:      layout_basic, demons_altar, okawaru_gym_becter,
          minmay_temple_entry_enclosed_plants, hellmonk_ghost_happy_afterlife
D:8:      layout_layer_cave, nicolae_ru_great_annihilating_truth, uniq_psyche
D:9:      layout_rooms, yredelemnul_forgotten_temple_becter, marbit_many_paths,
          minmay_orc_entry_temple_small, david_nohive_1
D:10:     layout_basic, serial_shops, kennysheep_mini, bh_circular_ruins
D:11:     layout_loops_ring, lair_entry_dummy, special_room [special_room_orc]
D:12:     layout_basic, serial_glass, glass_columns_a, glass_columns_a,
          glass_columns_c, glass_columns_c, roderic_lattice_a, trog_wizard,
          uniq_sonja

Skill      XL: |  1  2  3  4  5  6  7  8  9 10 11 |
---------------+----------------------------------+-----
Fighting       | 4 5 6 7 |  7.7
Axes           | 4 5 6 7 9 11 13 15 16 | 16.8
Armour         | 4 7 9 |  9.3
Invocations    | 2 4 5 |  5.2
Dodging        | |  3.3
Stealth        | |  1.5

Action                   |  1- 3 |  4- 6 |  7- 9 | 10-12 || total
-------------------------+-------+-------+-------+-------++-------
Melee: Hand axe          |    72 |   178 |       |       ||   250
       Headbutt          |     9 |    29 |    84 |    87 ||   209
       War axe           |       |    10 |   312 |       ||   322
       Unarmed           |       |       |    17 |       ||    17
       Battleaxe         |       |       |    79 |   472 ||   551
Evoke: Wand              |       |       |       |     1 ||     1
  Use: Potion            |       |     2 |     4 |     4 ||    10
       Scroll            |       |       |    19 |     3 ||    22
 Stab: Paralysed         |       |       |     1 |       ||     1
  Eat: Chunk             |     2 |     2 |     5 |     3 ||    12
       Ration            |       |     1 |     4 |     5 ||    10
Armor: Robe              |     5 |       |       |       ||     5
       Scale mail        |    23 |    82 |    24 |       ||   129
       Chain mail        |       |       |   163 |   266 ||   429
Dodge: Dodged            |    41 |    75 |   101 |   252 ||   469
       Deflected         |       |       |     6 |     5 ||    11
Block: Shield            |       |    15 |    90 |       ||   105
